Map: New Gettysburg LE

Players

Heretic - Winner!

  • Race: Zerg Zerg
  • League: Silver

Gracz

  • Race: Protoss Protoss
  • League: Silver

VOD

Have the link to the VOD?

Description

Time

  • Played on: Sept. 24, 2016, 6:56 a.m.
  • Length: 12:10
Show
View Real Time Build Order
Export as new Build Order

Heretic Zerg - Winner!

Build Orders: Pool First 

Get SALT Encoding   

  12  0:08  Drone  
  12  0:13  Overlord  
  13  0:19  Drone  
  14  0:25  Extractor  
  14  0:26  Drone  
  14  0:37  Drone  
  15  0:52  Spawning Pool, Drone  
  15  0:59  Drone  
  15  1:02  Drone  
  17  1:13  Drone  
  18  1:24  Drone  
  19  1:38  Drone  
  20  1:46  Hatchery  
  19  1:49  Zergling x2  
  20  1:54  Queen  
  20  1:59  Metabolic Boost  
  22  2:30  Overlord  
  22  2:31  Overlord  
  22  2:38  Extractor, Drone  
  22  2:54  Zergling x2  
  22  2:55  Zergling x2  
  22  2:57  Queen  
  26  3:03  Lair  
  26  3:08  Zergling x2  
  26  3:09  Zergling x2  
  28  3:15  Roach Warren  
  27  3:24  Drone x5  
  32  3:40  Drone x2  
  34  3:56  Roach  
  34  3:57  Roach x3  
  42  4:14  Overlord  
  42  4:15  Overlord  
  42  4:16  Zergling x4  
  44  4:31  Spore Crawler  
  44  4:34  Drone  
  44  4:39  Drone x4  
  44  4:40  Drone  
  49  4:46  Overseer  
  49  5:00  Overlord  
  49  5:02  Roach x3  
  49  5:04  Ravager  
  49  5:05  Ravager x3  
  59  5:31  Zergling x2  
  59  5:32  Zergling x16  
  68  5:36  Overlord  
  68  5:44  Overlord  
  68  5:45  Overlord  
  67  6:24  Drone x2  
  67  6:25  Drone x7  
  76  6:39  Hatchery  
  73  6:45  Overseer  
  73  7:09  Spore Crawler  
  73  7:10  Drone x7, Spore Crawler  
  73  7:11  Queen x2, Drone  
  83  7:19  Spine Crawler  
  83  7:20  Spine Crawler  
  81  7:24  Overlord x2  
  85  7:51  Roach x4  
  85  7:54  Ravager x3  
  77  8:43  Zergling x2  
  77  8:44  Zergling x10  
  74  9:01  Ravager x2  
  74  9:02  Ravager x2  
  78  9:19  Overlord x2  
  78  9:27  Roach x3  
  78  9:28  Roach x3  
  90  9:48  Roach x6  
  102  9:56  Overseer x2  
  102  10:04  Extractor  
  102  10:06  Extractor  
  100  10:12  Overlord x4  
  100  10:20  Hydralisk Den  
  99  10:26  Infestation Pit  
  98  10:28  Ravager x2  
  98  10:29  Ravager x3  
  100  10:48  Ravager x5  
  100  10:49  Ravager  
  105  10:51  Zergling x2  
  105  10:52  Zergling x22  
  117  11:00  Baneling Nest  
  90  11:49  Roach x9  
Show
View Real Time Build Order
Export as new Build Order

Gracz Protoss 

Build Orders: Dark Templar Rush 

Get SALT Encoding   

  12  0:01  Probe (Chrono Boost)  
  13  0:16  Pylon  
  13  0:19  Probe (Chrono Boost)  
  14  0:37  Gateway  
  14  0:40  Assimilator  
  14  0:43  Probe (Chrono Boost)  
  15  0:54  Pylon  
  15  1:07  Gateway  
  15  1:14  Gateway  
  15  1:32  Cybernetics Core  
  15  1:52  Probe (Chrono Boost)  
  16  2:03  Probe (Chrono Boost)  
  17  2:08  Nexus  
  17  2:13  Probe (Chrono Boost)  
  18  2:20  Assimilator  
  18  2:24  Pylon  
  18  2:44  Twilight Council  
  18  2:46  Warp Gate  
  18  2:56  Forge  
  18  3:00  Probe (Chrono Boost)  
  19  3:12  Probe (Chrono Boost)  
  20  3:19  Gateway  
  20  3:21  Probe (Chrono Boost)  
  20  3:24  Probe (Chrono Boost)  
  22  3:37  Dark Shrine  
  22  3:40  Probe (Chrono Boost)  
  24  3:42  Probe (Chrono Boost)  
  24  3:48  Pylon  
  24  3:51  Probe (Chrono Boost)  
  25  3:57  Protoss Ground Weapons Level 1  
  27  4:02  Probe (Chrono Boost)  
  27  4:04  Probe (Chrono Boost)  
  27  4:16  Probe (Chrono Boost)  
  28  4:33  Probe x2 (Chrono Boost)  
  30  4:43  Assimilator  
  30  4:45  Assimilator, Probe (Chrono Boost)  
  31  4:54  Dark Templar  
  31  4:55  Dark Templar  
  35  5:11  Dark Templar  
  37  5:27  Probe x2 (Chrono Boost)  
  39  5:39  Probe (Chrono Boost)  
  39  5:41  Dark Templar  
  42  5:42  Dark Templar  
  38  6:37  Stalker x2  
  38  6:38  Stalker x2  
  48  6:43  Mothership Core (Chrono Boost)  
  48  6:49  Gateway x2  
  48  7:06  Blink  
  44  7:31  Stalker x2  
  44  7:32  Stalker  
  44  7:36  Probe x2 (Chrono Boost)  
  52  7:41  Stalker  
  54  7:48  Probe x2 (Chrono Boost)  
  56  7:55  Stalker x3  
  62  8:03  Pylon  
  62  8:05  Pylon  
  62  8:09  Pylon  
  62  8:12  Pylon  
  62  8:15  Pylon  
  62  8:17  Probe x2 (Chrono Boost)  
  59  8:29  Probe x2 (Chrono Boost)  
  61  8:39  Stalker x2  
  61  8:40  Stalker  
  61  8:41  Probe (Chrono Boost)  
  50  8:55  Stalker x2  
  44  9:02  Stalker  
  44  9:08  Stalker x2  
  44  9:09  Stalker  
  47  9:15  Mothership Core (Chrono Boost)  
  42  9:22  Stalker  
  42  9:23  Stalker  
  35  9:26  Stalker  
  36  9:35  Pylon  
  36  9:36  Pylon  
  36  9:37  Pylon  
  36  9:39  Photon Cannon  
  36  9:54  Photon Cannon  
  36  9:55  Photon Cannon  
  36  10:01  Stalker x3  
  36  10:02  Stalker  
  36  10:03  Stalker  
  46  10:17  Stargate  
  46  10:24  Stargate  
  44  10:53  Pylon  
  27  11:40  Stalker x4  
Tags
 
Add a new tag
Caveats
  • Supply blocks, unpowered buildings, or Contaminate may cause inaccurate times.
  • Supply counts are checked every 10 seconds.